Map: Molten Temple

Players

TimeTwist

  • Race: Zerg Zerg
  • Spawn Location: 9:00

Loken

  • Race: Zerg Zerg
  • Spawn Location: 9:00

Scaramanga

  • Race: Terran Terran
  • Spawn Location: 9:00

BMO - Winner!

  • Race: Zerg Zerg
  • League: Platinum
  • Spawn Location: 3:00

mYiTactor - Winner!

  • Race: Zerg Zerg
  • Spawn Location: 3:00

AbveI - Winner!

  • Race: Protoss Protoss
  • Spawn Location: 3:00

VOD

Have the link to the VOD?

Description

Time

  • Played on: March 9, 2017, 4:59 p.m.
  • Length: 14:17
Show
View Real Time Build Order
Export as new Build Order

TimeTwist Zerg 

Build Orders: Pool First 

Get SALT Encoding   

  12  0:01  Drone  
  13  0:09  Drone  
  14  0:17  Overlord  
  14  0:25  Drone, Extractor  
  14  0:42  Spawning Pool  
  13  0:45  Drone  
  14  0:50  Drone  
  14  0:54  Drone  
  16  0:59  Drone  
  17  1:09  Drone  
  18  1:19  Drone  
  19  1:28  Queen  
  21  1:34  Metabolic Boost  
  21  1:38  Overlord  
  21  1:49  Zergling x2  
  22  1:57  Zergling x2  
  23  2:02  Zergling x2  
  23  2:06  Queen  
  26  2:20  Zergling x2  
  27  2:23  Zergling x2  
  27  2:27  Hatchery  
  27  2:33  Zergling x2  
  28  2:37  Zergling x4  
  30  2:53  Overlord  
  30  3:10  Overlord  
  30  3:11  Queen  
  32  3:13  Drone x4  
  36  3:20  Drone  
  33  3:50  Zergling x4  
  33  3:51  Zergling x10  
  36  4:06  Hatchery  
  35  4:19  Drone x2  
  37  4:27  Spore Crawler  
  37  4:30  Drone  
  37  4:34  Spore Crawler  
  36  4:40  Drone x4  
  36  4:41  Drone x2  
  42  4:51  Overlord x2  
  42  4:52  Overlord  
  42  5:06  Drone x4  
  41  5:09  Lair  
  39  5:28  Drone x3  
  42  5:29  Zergling x8  
  46  5:44  Hatchery, Zergling x12  
  46  5:45  Zergling x4  
  53  5:50  Drone x2, Extractor  
  53  5:54  Drone x3  
  57  6:02  Extractor  
  57  6:03  Extractor  
  55  6:17  Drone x2  
  57  6:18  Spire  
  57  6:23  Drone x4  
  57  6:24  Drone x4  
  64  6:31  Drone x3  
  67  6:46  Overlord  
  67  6:47  Overlord  
  67  6:48  Drone x6  
  67  6:49  Drone  
  74  6:59  Zergling x8  
  74  7:00  Zergling x6  
  47  7:33  Mutalisk x4  
  47  7:34  Mutalisk x2  
  59  7:37  Queen  
  59  7:40  Zergling x6  
  42  8:26  Burrow  
  42  8:27  Drone  
  42  8:28  Drone x2  
  45  8:40  Drone x2  
  45  8:41  Drone x2  
  49  8:42  Drone x4  
  52  9:03  Mutalisk x2  
  52  9:04  Mutalisk x4  
  64  9:18  Zergling x4  
  64  9:19  Zergling x10  
  64  9:20  Zergling x8  
  75  9:31  Mutalisk  
  73  10:02  Zergling x2  
  73  10:03  Zergling x8  
  78  10:13  Zergling x8  
  78  10:14  Zergling x2  
  79  10:29  Drone  
  79  10:30  Queen, Drone  
  81  10:51  Drone x5  
  81  10:52  Drone x3  
  80  11:12  Drone x3  
  83  11:23  Hatchery  
  83  11:25  Mutalisk x3  
  82  11:28  Overlord x3  
  82  11:29  Overlord  
  88  11:33  Infestation Pit  
  67  12:09  Hive  
  67  12:13  Evolution Chamber  
  66  12:16  Evolution Chamber  
  65  12:27  Pathogen Glands  
  65  12:28  Corruptor x5  
  69  13:09  Baneling Nest  
  58  13:24  Zergling x2  
  58  13:25  Zergling x2  
  58  13:26  Zergling x14  
  69  13:27  Zergling x12  
  69  13:28  Zergling x12  
  69  13:29  Zergling x12  
  69  13:30  Zergling x2  
  86  13:40  Extractor  
  86  13:41  Extractor, Spore Crawler  
Show
View Real Time Build Order
Export as new Build Order

Loken Zerg 

Build Orders: 3 Hatch before Pool 

Get SALT Encoding   

  12  0:01  Drone  
  13  0:09  Drone  
  14  0:37  Hatchery  
  13  1:01  Hatchery  
  12  1:04  Drone  
  13  1:13  Overlord  
  13  1:18  Drone  
  14  1:33  Drone  
  14  1:34  Drone  
  16  1:40  Drone  
  16  1:46  Spawning Pool  
  16  1:58  Drone, Extractor  
  16  1:59  Drone  
  17  2:02  Drone  
  17  2:04  Drone  
  19  2:13  Drone x2  
  21  2:26  Drone x3  
  21  2:27  Overlord  
  24  2:35  Drone  
  24  2:36  Drone x2  
  27  2:42  Overlord  
  27  2:49  Queen  
  29  2:56  Drone  
  29  2:57  Drone x2  
  32  3:06  Zergling x8  
  32  3:12  Zergling x2  
  37  3:14  Metabolic Boost  
  37  3:21  Drone x3  
  40  3:29  Queen  
  42  3:45  Zergling x4  
  42  3:46  Zergling x8  
  48  3:52  Extractor  
  48  3:54  Extractor  
  46  4:05  Lair  
  46  4:07  Overlord x2  
  46  4:08  Overlord  
  46  4:09  Zergling x8  
  50  4:34  Zergling x6  
  50  4:35  Zergling x16  
  56  5:06  Drone  
  53  5:07  Drone x8  
  53  5:12  Extractor  
  60  5:14  Extractor  
  55  5:23  Infestation Pit  
  55  5:25  Extractor  
  55  5:27  Zergling x2  
  55  5:28  Zergling x10  
  57  5:40  Overlord  
  57  5:41  Overlord x3  
  57  5:43  Overlord  
  57  6:01  Hive  
  57  6:04  Drone  
  57  6:05  Drone x7  
  55  6:32  Drone x8  
  56  6:33  Drone x3  
  59  6:43  Spire  
  58  6:51  Hydralisk Den  
  57  7:00  Zergling x12  
  57  7:01  Zergling x2  
  64  7:03  Zergling x4  
  57  7:58  Mutalisk x3  
  57  7:59  Mutalisk x12  
  87  8:09  Queen  
  89  8:15  Zerg Flyer Weapons Level 1  
  89  8:28  Zergling x2  
  89  8:29  Zergling x16  
  98  9:00  Zergling x18  
  90  9:39  Mutalisk x5  
  90  9:40  Mutalisk x4  
  97  10:32  Overlord x9  
  93  11:07  Mutalisk x3  
  93  11:08  Mutalisk x8  
  115  11:17  Zerg Flyer Weapons Level 2  
  115  11:21  Adrenal Glands, Spire  
  103  12:22  Zergling x2  
  103  12:23  Zergling x20  
  103  12:24  Zergling x26  
  108  12:52  Zergling x2  
  108  12:53  Zergling x14  
Show
View Real Time Build Order
Export as new Build Order

Scaramanga Terran 

Build Orders: MMM Bio 

Get SALT Encoding   

  12  0:01  SCV  
  13  0:13  SCV  
  14  0:25  SCV  
  14  0:27  Supply Depot  
  15  0:49  SCV  
  16  1:01  SCV  
  16  1:02  Barracks  
  17  1:07  Barracks  
  17  1:13  SCV  
  18  1:26  Barracks  
  18  1:30  SCV  
  19  1:35  Refinery  
  19  1:42  SCV  
  20  1:55  Marine  
  20  1:56  Orbital Command  
  20  1:58  Marine  
  22  2:03  Supply Depot  
  22  2:13  Marine  
  23  2:16  Command Center  
  23  2:24  SCV, Marine  
  23  2:26  Barracks Tech Lab  
  25  2:31  Refinery  
  25  2:33  Marine  
  26  2:45  SCV  
  26  2:49  Marine  
  26  2:50  Marine  
  26  2:51  Marine  
  30  2:54  Combat Shields  
  30  2:57  SCV  
  31  3:16  Barracks Reactor  
  31  3:21  Barracks Tech Lab  
  31  3:27  SCV, Marine  
  33  3:36  Orbital Command  
  33  3:40  SCV  
  34  3:52  SCV  
  35  3:58  Factory  
  35  4:02  Orbital Command  
  35  4:04  SCV  
  35  4:08  Concussive Shells  
  40  4:10  Marauder x2  
  40  4:11  Marine x2  
  40  4:13  Stimpack  
  40  4:16  SCV  
  43  4:28  Refinery  
  43  4:29  Marine x2  
  44  4:40  Marine  
  44  4:41  Marine  
  40  4:46  Marine  
  39  4:56  SCV  
  39  4:57  SCV  
  41  5:01  Supply Depot  
  41  5:08  SCV  
  41  5:09  SCV  
  41  5:11  Starport  
  41  5:12  Factory Reactor  
  43  5:20  SCV  
  43  5:21  SCV  
  45  5:23  Supply Depot  
  45  5:27  Supply Depot  
  45  5:28  Engineering Bay  
  45  5:29  Marine x3  
  45  5:30  Marauder  
  45  5:33  SCV  
  45  5:34  SCV  
  52  5:45  SCV  
  52  5:48  Marauder, SCV  
  56  5:57  SCV  
  56  5:59  Command Center, Terran Infantry Weapons Level 1  
  56  6:00  SCV  
  58  6:04  Missile Turret  
  58  6:25  SCV x2  
  45  6:37  SCV x2  
  45  6:38  Factory Tech Lab  
  47  6:41  Barracks  
  47  6:49  SCV x2, Barracks  
  47  6:52  Barracks  
  49  6:59  Marine x4  
  46  7:13  Medivac x2  
  50  7:16  Marine x2  
  50  7:17  Marauder  
  50  7:18  Marauder  
  48  7:34  SCV x2, Marine x3  
  53  7:39  Marauder x2  
  54  7:52  Marine x3  
  57  7:59  Marine  
  57  8:00  Marine  
  59  8:10  Marine  
  60  8:17  Marine x4  
  60  8:18  Marauder x2  
  68  8:28  Marine  
  68  8:30  Orbital Command  
  69  8:34  Marine  
  69  8:35  Marine x3  
  73  8:45  Terran Infantry Armor Level 1  
  73  8:47  Marine x3  
  76  8:52  Marine x2  
  76  8:53  Marine x2  
  80  8:57  SCV x3  
  81  9:04  Marine  
  79  9:19  Marine x2  
  79  9:20  Marine x2  
  83  9:25  Marine x2  
  83  9:30  Supply Depot  
  85  9:32  Supply Depot  
  85  9:34  Supply Depot x2  
  85  9:49  Marine  
  85  9:51  SCV x2, Marine x3  
  85  9:52  Marauder  
  91  9:53  Supply Depot  
  91  9:55  Supply Depot  
  79  10:03  SCV  
  79  10:04  SCV  
  75  10:07  Marine x2  
  75  10:09  Marine x3  
  75  10:10  Marauder  
  75  10:13  Marauder  
  82  10:15  SCV  
  82  10:16  SCV  
  79  10:24  Medivac x2  
  79  10:25  Marine x2  
  79  10:27  SCV, Marine x3  
  79  10:28  SCV  
  88  10:31  Marauder  
  88  10:35  Marauder  
  82  10:52  Marauder  
  76  11:28  Orbital Command, Medivac  
  76  11:29  Medivac  
  76  11:30  Marine, Barracks Tech Lab  
  76  11:31  Barracks Reactor  
  81  11:33  Barracks Tech Lab  
  81  11:35  Marine x2  
  81  11:36  Marauder  
  85  11:48  Marine  
  85  11:52  Marine  
  85  11:53  Marauder  
  89  11:55  SCV  
  89  11:57  Marauder  
  92  12:06  Marine  
  92  12:07  SCV  
  94  12:15  Marauder  
  96  12:19  SCV  
  83  12:51  Marine  
  83  12:52  Marine x4  
  69  13:00  Marauder  
  69  13:01  Marauder x2  
  73  13:08  Siege Tank  
  73  13:09  Marine x2  
  73  13:10  Marine x2  
  73  13:11  Marauder  
  76  13:22  Marauder x2, Marine  
  76  13:27  Marine x3  
  76  13:28  Marine  
  76  13:32  Marauder  
  82  13:36  Armory  
  82  13:39  Marine, Engineering Bay  
  82  13:40  Siege Tank  
  86  13:42  Marine  
  86  13:43  Marine  
  86  13:45  Refinery, Marine x2  
  89  13:48  Refinery  
Show
View Real Time Build Order
Export as new Build Order

BMO Zerg - Winner!

Build Orders: Hatch First 

Get SALT Encoding   

  12  0:01  Drone  
  13  0:12  Overlord  
  13  0:24  Drone  
  14  0:31  Drone x2  
  16  0:37  Drone  
  17  1:01  Hatchery, Drone  
  17  1:02  Drone  
  18  1:06  Extractor  
  18  1:08  Drone  
  18  1:19  Drone  
  19  1:28  Spawning Pool  
  19  1:32  Drone  
  19  1:40  Drone  
  20  1:53  Overlord  
  20  2:02  Drone  
  21  2:18  Drone x2  
  22  2:26  Drone  
  22  2:27  Drone  
  24  2:30  Hatchery  
  24  2:34  Drone  
  24  2:36  Metabolic Boost  
  24  2:43  Drone x2  
  26  2:47  Queen  
  28  2:58  Roach Warren  
  28  2:59  Drone  
  28  3:00  Drone  
  28  3:04  Drone  
  30  3:08  Drone x2  
  32  3:18  Zergling x4  
  35  3:27  Zergling x2  
  35  3:33  Zergling x2  
  36  3:41  Queen x2  
  36  3:43  Zergling x4  
  41  3:49  Zergling x2  
  42  4:07  Overlord x4  
  42  4:25  Queen  
  42  4:28  Roach x5  
  54  4:39  Evolution Chamber  
  54  4:41  Drone x4, Evolution Chamber, Extractor  
  55  4:55  Roach x3  
  61  5:04  Drone x4  
  61  5:11  Zerg Missile Weapons Level 1  
  60  5:31  Drone, Extractor  
  60  5:32  Drone x5  
  66  5:42  Drone  
  66  5:43  Drone x5  
  66  5:46  Zerg Ground Armor Level 1  
  71  5:53  Roach  
  71  5:54  Overlord  
  71  5:55  Overlord x3  
  73  6:00  Extractor  
  73  6:01  Drone x2  
  73  6:03  Extractor  
  73  6:20  Roach x10  
  92  6:33  Extractor  
  91  6:40  Drone x4  
  91  6:41  Drone x7  
  102  6:53  Drone x3  
  105  6:58  Lair  
  105  7:06  Overlord x3  
  106  7:15  Ravager  
  106  7:28  Roach x8  
  122  7:40  Drone x3  
  125  7:59  Ravager x5  
  125  8:01  Overlord x5  
  125  8:02  Overlord  
  125  8:04  Hatchery  
  129  8:16  Hatchery  
  129  8:17  Spore Crawler  
  129  8:19  Spore Crawler  
  126  8:21  Spore Crawler  
  126  8:24  Ravager x11  
  136  8:31  Hydralisk Den  
  135  8:40  Zerg Missile Weapons Level 2  
  135  8:58  Roach  
  135  8:59  Roach x13  
  135  9:02  Overlord x2  
  160  9:14  Queen x3  
  166  9:19  Zerg Ground Armor Level 2  
  153  9:45  Hydralisk x13  
  145  9:46  Hydralisk x2  
  145  9:49  Queen  
  159  10:12  Hydralisk x9  
  159  10:31  Ravager  
  159  10:33  Ravager  
  159  10:34  Ravager  
  162  10:36  Ravager  
  162  10:38  Ravager  
  164  10:50  Hydralisk x5  
  170  11:02  Overseer  
  170  11:03  Overseer  
  170  11:08  Hydralisk  
  170  11:09  Hydralisk x2  
  176  11:22  Overseer  
  176  11:25  Hatchery  
  175  11:27  Hydralisk x5  
  185  11:36  Lurker Den  
  183  11:54  Overlord  
  183  11:55  Overlord x5  
  183  12:02  Overlord x4  
  177  12:23  Hydralisk x11  
  199  12:38  Infestation Pit  
  194  13:07  Hydralisk x3  
  177  13:28  Hydralisk x5  
  177  13:29  Hydralisk x6  
Show
View Real Time Build Order
Export as new Build Order

mYiTactor Zerg - Winner!

Build Orders: Hatch First, Zergling Baneling 

Get SALT Encoding   

  12  0:01  Drone  
  13  0:12  Overlord  
  13  0:17  Drone  
  14  0:32  Drone x2  
  14  0:35  Drone  
  17  0:52  Hatchery  
  16  0:58  Drone  
  16  1:02  Drone, Extractor  
  17  1:06  Drone  
  18  1:21  Spawning Pool  
  17  1:29  Drone x2  
  19  1:41  Overlord  
  19  1:56  Drone  
  20  2:07  Drone x2  
  22  2:08  Queen x2  
  22  2:10  Metabolic Boost  
  26  2:22  Drone x3  
  29  2:31  Zergling x2  
  30  2:43  Hatchery  
  29  2:49  Queen  
  29  2:51  Drone  
  32  2:55  Overlord  
  32  3:03  Baneling Nest  
  32  3:04  Drone  
  33  3:05  Drone  
  33  3:07  Drone  
  34  3:14  Overlord  
  34  3:17  Zergling x4  
  35  3:29  Queen  
  35  3:31  Zergling x6  
  40  3:35  Zergling x4  
  41  4:08  Lair  
  41  4:10  Extractor  
  41  4:12  Drone x4  
  41  4:13  Drone x3, Overlord  
  41  4:14  Zergling x2, Overlord  
  41  4:15  Zergling x2  
  49  4:18  Baneling x4  
  48  4:27  Baneling  
  48  4:36  Drone x4  
  48  4:38  Drone x3  
  55  4:45  Zergling x2  
  56  4:48  Baneling x3  
  55  5:07  Drone  
  55  5:08  Drone x2  
  55  5:11  Extractor  
  55  5:12  Extractor  
  56  5:20  Drone x3  
  56  5:21  Queen  
  58  5:24  Drone x3  
  58  5:25  Drone x2  
  58  5:26  Drone  
  58  5:27  Overlord x4  
  64  5:35  Baneling  
  64  5:36  Baneling x2  
  64  5:37  Zergling x8  
  64  5:40  Centrifical Hooks  
  68  5:50  Overlord  
  68  5:55  Drone  
  68  5:56  Infestation Pit, Drone x3, Evolution Chamber  
  70  5:57  Drone, Evolution Chamber  
  68  6:23  Zergling x2  
  68  6:24  Zergling x26  
  77  6:29  Zerg Ground Armor Level 1  
  77  6:30  Zerg Melee Weapons Level 1  
  77  6:31  Zergling x2  
  77  6:32  Zergling x8  
  79  6:35  Pathogen Glands  
  79  6:40  Hatchery  
  79  6:44  Drone  
  79  6:45  Drone  
  80  6:54  Drone  
  80  6:55  Drone x2  
  81  7:08  Baneling x4  
  79  7:27  Zergling x2  
  79  7:28  Zergling x28  
  92  7:34  Baneling  
  92  7:35  Baneling x3  
  86  7:44  Infestor x4  
  86  7:46  Burrow  
  86  7:50  Hatchery  
  87  8:13  Hatchery  
  87  8:14  Spore Crawler  
  87  8:16  Spore Crawler  
  87  8:17  Spore Crawler x3  
  87  8:19  Spore Crawler  
  78  8:23  Zergling x2  
  78  8:24  Zergling x34  
  90  8:30  Queen  
  90  8:31  Queen x2  
  88  8:37  Zerg Ground Armor Level 2  
  88  8:41  Drone x3  
  88  8:42  Drone  
  92  9:01  Spine Crawler  
  87  9:09  Spore Crawler  
  70  9:11  Spore Crawler  
  70  9:16  Infestor x5  
  68  9:19  Zergling x2  
  68  9:20  Zergling x10  
  74  9:30  Drone x3  
  77  9:39  Queen  
  77  9:43  Zergling x6  
  77  9:44  Zergling x6  
  85  9:50  Baneling x8  
  76  10:08  Drone x3  
  76  10:13  Drone x3  
  80  10:16  Zergling x10  
  80  10:17  Zergling x6  
  87  10:26  Drone x3  
  89  10:36  Zerg Melee Weapons Level 2  
  89  10:38  Drone x4  
  92  10:47  Spore Crawler  
  69  11:10  Queen x3  
  70  11:13  Drone x3  
  70  11:18  Spore Crawler x2  
  69  11:19  Queen, Spore Crawler  
  69  11:22  Spore Crawler  
  69  11:25  Zergling x10  
  71  11:46  Queen x2  
  73  11:59  Baneling  
  73  12:00  Baneling x5  
  73  12:05  Infestor x2  
  73  12:06  Infestor x2  
  73  12:07  Infestor x5  
  81  12:23  Spore Crawler  
  81  12:26  Spore Crawler  
  81  12:29  Zergling x2  
  80  12:30  Zergling x18  
  75  12:51  Queen x3  
  79  13:20  Extractor  
  78  13:33  Baneling x7  
  78  13:34  Zergling x2  
  78  13:35  Zergling x20  
  89  13:52  Zergling x12  
  89  13:53  Zergling x2  
Show
View Real Time Build Order
Export as new Build Order

AbveI Protoss - Winner!

Build Orders: Oracle Opening 

Get SALT Encoding   

  12  0:01  Probe (Chrono Boost)  
  13  0:11  Probe (Chrono Boost)  
  14  0:19  Pylon  
  14  0:22  Probe (Chrono Boost)  
  15  0:37  Probe (Chrono Boost)  
  15  0:39  Gateway  
  16  0:48  Probe (Chrono Boost)  
  16  0:49  Assimilator  
  17  0:58  Probe (Chrono Boost)  
  17  1:01  Assimilator  
  18  1:09  Probe (Chrono Boost)  
  19  1:19  Probe (Chrono Boost)  
  20  1:27  Cybernetics Core  
  20  1:30  Probe (Chrono Boost)  
  21  1:40  Probe (Chrono Boost)  
  22  1:54  Probe (Chrono Boost)  
  23  2:03  Nexus  
  23  2:08  Stargate  
  23  2:16  Pylon  
  23  2:24  Assimilator  
  23  2:28  Assimilator  
  23  2:34  Probe (Chrono Boost)  
  23  2:36  Pylon  
  24  2:44  Probe (Chrono Boost)  
  25  2:55  Oracle, Probe (Chrono Boost)  
  29  3:06  Probe (Chrono Boost)  
  30  3:16  Probe (Chrono Boost)  
  30  3:19  Probe (Chrono Boost)  
  32  3:27  Probe (Chrono Boost)  
  33  3:29  Probe (Chrono Boost)  
  33  3:31  Oracle  
  32  3:37  Probe (Chrono Boost)  
  31  3:57  Probe (Chrono Boost)  
  31  4:00  Probe (Chrono Boost)  
  33  4:08  Probe (Chrono Boost)  
  34  4:10  Probe (Chrono Boost)  
  34  4:15  Protoss Air Weapons Level 1  
  35  4:21  Probe (Chrono Boost), Fleet Beacon  
  35  4:22  Stargate  
  36  4:27  Probe (Chrono Boost)  
  37  4:31  Probe (Chrono Boost)  
  37  4:38  Probe (Chrono Boost)  
  39  4:42  Probe (Chrono Boost)  
  40  4:48  Probe (Chrono Boost)  
  27  5:13  Probe (Chrono Boost)  
  28  5:24  Probe (Chrono Boost)  
  29  5:29  Nexus  
  29  5:34  Probe (Chrono Boost)  
  30  5:45  Probe (Chrono Boost)  
  31  5:56  Probe (Chrono Boost)  
  32  6:06  Probe (Chrono Boost)  
  33  6:12  Pylon  
  33  6:17  Probe (Chrono Boost)  
  34  6:29  Nexus  
  34  6:38  Void Ray  
  38  6:43  Probe (Chrono Boost)  
  13  6:54  Probe (Chrono Boost)  
  13  7:04  Probe (Chrono Boost)  
  14  7:20  Probe (Chrono Boost)  
  15  7:39  Probe (Chrono Boost)  
  15  7:42  Probe (Chrono Boost)  
  17  7:53  Probe (Chrono Boost)  
  18  8:06  Probe (Chrono Boost)  
  19  8:17  Probe (Chrono Boost)  
  20  8:24  Probe (Chrono Boost)  
  21  8:27  Probe (Chrono Boost)  
  22  8:34  Probe (Chrono Boost)  
  22  8:38  Probe (Chrono Boost)  
  24  8:48  Probe (Chrono Boost)  
  25  8:59  Probe (Chrono Boost)  
  26  9:05  Phoenix x2  
  31  9:10  Probe (Chrono Boost)  
  31  9:12  Probe (Chrono Boost)  
  32  9:20  Probe (Chrono Boost)  
  32  9:22  Probe (Chrono Boost)  
  34  9:31  Probe (Chrono Boost)  
  35  9:40  Probe (Chrono Boost)  
  35  9:41  Probe (Chrono Boost)  
  37  9:51  Probe (Chrono Boost)  
  37  9:52  Probe (Chrono Boost)  
  35  10:02  Probe (Chrono Boost)  
  32  10:18  Probe (Chrono Boost)  
  32  10:20  Probe (Chrono Boost)  
  31  10:26  Assimilator  
  32  10:28  Probe (Chrono Boost)  
  32  10:30  Assimilator, Nexus  
  32  10:31  Probe (Chrono Boost)  
  33  10:39  Probe (Chrono Boost)  
  34  10:48  Phoenix x2  
  34  10:49  Probe (Chrono Boost)  
  39  11:00  Probe (Chrono Boost)  
  40  11:10  Probe (Chrono Boost)  
  41  11:13  Phoenix x2  
  45  11:23  Probe (Chrono Boost)  
  46  11:26  Probe (Chrono Boost)  
  47  11:33  Probe (Chrono Boost)  
  47  11:36  Probe (Chrono Boost)  
  47  11:38  Phoenix x2  
  53  11:43  Anion Pulse-Crystals  
  53  11:44  Probe (Chrono Boost)  
  55  11:47  Probe (Chrono Boost)  
  55  11:50  Probe (Chrono Boost)  
  56  11:54  Probe (Chrono Boost)  
  56  11:57  Probe (Chrono Boost)  
  56  12:00  Probe (Chrono Boost)  
  59  12:05  Probe (Chrono Boost)  
  59  12:08  Probe (Chrono Boost)  
  59  12:11  Probe (Chrono Boost)  
  61  12:15  Probe (Chrono Boost)  
  61  12:21  Probe (Chrono Boost)  
  62  12:32  Phoenix x2  
  67  12:44  Probe (Chrono Boost)  
  67  12:46  Probe (Chrono Boost)  
  68  12:55  Probe (Chrono Boost)  
  68  12:56  Probe (Chrono Boost)  
  68  12:57  Phoenix x2  
  74  13:05  Probe (Chrono Boost)  
  75  13:07  Probe (Chrono Boost)  
  74  13:48  Stargate  
  74  13:49  Stargate x2  
  74  13:55  Cybernetics Core  
Tags
 
Add a new tag
Caveats
  • Supply blocks, unpowered buildings, or Contaminate may cause inaccurate times.
  • Supply counts are checked every 10 seconds.